 Dungeon Crawl Stone Soup version 0.21-a0-104-g7b58145 (webtiles) character file.

1791655 kuniqs the Peltast (level 26, 161/161 HPs)
             Began as a Vine Stalker Berserker on July 5, 2017.
             Was a Follower of Uskayaw.
             Escaped with the Orb
             ... and 3 runes!
             The game lasted 02:24:38 (58005 turns).

kuniqs the Peltast (Vine Stalker Berserker)        Turns: 58005, Time: 02:24:39

Health: 161/161    AC: 35    Str: 28    XL:     26   Next: 67%
Magic:  32/32      EV: 24    Int:  7    God:    Uskayaw [*.....]
Gold:   729        SH: 31    Dex: 14    Spells: 25/25 levels left

rFire    + + +     SeeInvis +   n - +9 quick blade (flame)
rCold    + . .     Gourm    .   z - +8 large shield
rNeg     + + .     Faith    .   m - +8 ice dragon scales
rPois    +         Spirit   +   l - +1 helmet {SInv}
rElec    +         Reflect  .   D - +2 cloak of the Lair of Beasts {+Blink rF+ Str+3 Dex-4}
rCorr    .         Harm     .   W - +0 pair of gloves
MR       +++..                  k - +2 pair of boots {run}
Stlth    ++........             L - amulet of Qeby Uxt {Spirit rF+ rN+ Dex+3}
HPRegen  1.16/turn              V - ring of Salvation {Fire rElec rPois SInv}
MPRegen  0.23/turn              J - ring of Rerinaapn {rF+ rN+ EV+5 Dex-4 Slay+5}

@: hasted, very quick
A: fangs 3, clumsy 1, low mp 1, regeneration 2, robust 1, magic shield,
antimagic bite, no potion heal 3, rot immunity, subdued magic 1
0: Orb of Zot
}: 3/15 runes: barnacled, slimy, gossamer
a: Stomp, Renounce Religion, Evoke Blink


You escaped.
You worshipped Uskayaw.
Uskayaw was most pleased with you.
You were very full.

You visited 11 branches of the dungeon, and saw 55 of its levels.
You visited the Abyss 1 time.
You visited 1 ziggurat, and saw 5 of its levels.
You also visited: Labyrinth, Trove and Ice Cave.

You collected 6165 gold pieces.
You spent 5436 gold pieces at shops.

Inventory:

Hand Weapons
 n - a +9 quick blade of flaming (weapon)
Missiles
 K - 6 throwing nets (quivered)
Armour
 k - a +2 pair of boots of running (worn)
 l - a +1 helmet of see invisible (worn)
 m - +8 ice dragon scales (worn)
 z - a +8 large shield (worn)
 D - the +2 cloak of the Lair of Beasts (worn) {+Blink rF+ Str+3 Dex-4}
   (You acquired it on level 6 of the Lair of Beasts)

   It affects your strength (+3).
   It affects your dexterity (-4).
   It protects you from fire.
   It lets you blink.
 W - a +0 pair of gloves (worn)
Jewellery
 J - the ring of Rerinaapn (right hand) {rF+ rN+ EV+5 Dex-4 Slay+5}
   (You bought it in a shop on level 2 of the Depths)

   [ring of evasion]

   It affects your evasion (+5).
   It affects your dexterity (-4).
   It affects your accuracy and damage with ranged weapons and melee attacks
   (+5).
   It protects you from fire.
   It protects you from negative energy.
 L - the amulet of Qeby Uxt (around neck) {Spirit rF+ rN+ Dex+3}
   (You found it in a treasure trove)

   [amulet of guardian spirit]

   It causes incoming damage to be split between your health and magic.
   It affects your dexterity (+3).
   It protects you from fire.
   It protects you from negative energy.
 M - the ring "Wautuano" {rCorr Slay+2}
   (You found it in a labyrinth)

   [ring of resist corrosion]

   It affects your accuracy and damage with ranged weapons and melee attacks
   (+2).
 V - the ring of Salvation (left hand) {Fire rElec rPois SInv}
   (You found it on level 5 of the Pits of Slime)

   [ring of fire]

   It enhances your fire magic.
   It protects you from fire.
   It makes you vulnerable to cold.
   It insulates you from electricity.
   It protects you from poison.
   It lets you see invisible.
Wands
 u - a wand of scattershot (2/9)
 C - a wand of digging (8/24)
 H - a wand of clouds (5/9)
 O - a wand of paralysis (7/24)
 Z - a wand of acid (5/15)
Scrolls
 c - 9 scrolls of fog
 h - 22 scrolls of remove curse {@r2}
 i - 7 scrolls of teleportation
 p - a scroll of silence
 q - 7 scrolls of immolation
 r - 7 scrolls of recharging
 E - 7 scrolls of fear
 N - 3 scrolls of holy word
 P - 12 scrolls of identify {@r1}
 R - 2 scrolls of summoning
 U - 11 scrolls of blinking
Potions
 b - 5 potions of cancellation
 g - 13 potions of flight
 o - 9 potions of might
 s - 13 potions of curing {@q1}
 t - 5 potions of mutation
 x - 4 potions of berserk rage
 A - 2 potions of haste
 B - 4 potions of invisibility
 F - 4 potions of agility
 Q - 3 potions of resistance
Miscellaneous
 a - a lamp of fire
 y - 6 boxes of beasts
 G - a fan of gales
 I - a lightning rod (4/4)
 T - a sack of spiders
Comestibles
 d - 31 bread rations
 e - 29 meat rations
 f - 5 fruits
 w - 29 royal jellies


   Skills:
 + Level 17.7 Fighting
 - Level 11.2 Short Blades
 + Level 16.2 Armour
 + Level 16.1 Dodging
 - Level 14.0 Stealth
 + Level 19.2 Shields
 + Level 17.0 Invocations
 - Level 10.0 Evocations


You had 25 spell levels left.
You didn't know any spells.

Dungeon Overview and Level Annotations

Branches:
Dungeon (15/15)            Temple (1/1) D:6            Lair (6/6) D:11
 Shoals (4/4) Lair:2       Spider (4/4) Lair:4        Slime (5/5) Lair:6
    Orc (2/2) D:9             Elf (3/3) Orc:2        Vaults (4/5) D:13
  Crypt (0/3) Vaults:3     Depths (5/5) D:15            Zot (5/5) Depths:5

Altars:
Ashenzari
Cheibriados
Dithmenos
Elyvilon
Fedhas
Gozag
Hepliaklqana
Kikubaaqudgha
Makhleb
Nemelex Xobeh
Okawaru
Qazlal
Ru
Sif Muna
Trog
Uskayaw
Vehumet
Wu Jian
Xom
Yredelemnul
Zin
The Shining One
Beogh
Jiyva
Lugonu

Shops:
D:8 (:?!*   D:12 *   D:13 [   D:15 [   Orc:2 ?=**   Elf:1 ::(   Vaults:1 !
Vaults:2 =   Depths:2 :==}

Portals:
Hell: Depths:1 Depths:2 Depths:3 Depths:4
Abyss: Depths:3 Depths:4
Pandemonium: Depths:3

Annotations:
Lair:5 exclusion: oklob plant
Lair:6 exclusion: door
Shoals:3 1 exclusion
Elf:2 3 runed doors


Innate Abilities, Weirdness & Mutations

You have razor-sharp teeth.
You heal very quickly.
When hurt, damage is shared between your health and your magic reserves.
Your bite disrupts and absorbs the magic of your enemies.
Potions cannot restore your health.
You are immune to rotting.
You are clumsy. (Dex -2)
Your magical capacity is low. (-10% MP)
You are robust. (+10% HP)
Your spells are a little easier to cast, but a little less powerful.


Message History

You climb upwards.
There is a stone staircase leading down here.
A rust devil comes into view.
There is a stone staircase leading up here.
You climb upwards.
There is a stone staircase leading down here.
A hobgoblin comes into view. It is wielding a club.
The hobgoblin shouts!
There is an open door here.
You hit the hobgoblin. You burn the hobgoblin.
You kill the hobgoblin!
You see here a club.
You feel yourself speed up.
(D) Dungeon (T) Temple (L) Lair (A) Shoals (N) Spider Nest (M) Slime Pits (O) Orcish Mines (E) Elven Halls (V) Vaults (C) Crypt (U) Depths (H) Hell (Z) Zot
Where to? (Enter - D:1 @ (x,y), ? - help)
There is a staircase leading out of the dungeon here.
You have escaped! #... ♣♣♣♣♣♣♣♣♣ #### ♣.......♣ ###### ♣.PPPPP.♣

#..... ♣.P≈≈≈P.♣
#..... ♣.P≈8≈P.♣
#.....
♣.P≈≈≈P.♣####.....
♣.PPPPP.♣.........
♣@♣.....♣.########
♣♣♣.♣♣♣♣♣.#
#.......#
#########


There were no monsters in sight!

Vanquished Creatures
  the Royal Jelly (Slime:5)
  7 ancient liches (Zot:5)
  3 orbs of fire
  Mara (Depths:4)
  A juggernaut (Depths:4)
  A Killer Klown (Zot:5)
  A curse toe (Zot:4)
  3 golden dragons
  An electric golem (Zot:5)
  Nikola (Elf:1)
  A profane servitor (Zig:5)
  A Tzitzimitl (Zig:5)
  2 bone dragons (Depths:5)
  3 tentacled monstrosities
  3 liches
  Rupert (Lair:6)
  25 Orb Guardians
  2 deep elf blademasters (Elf:3)
  2 quicksilver dragons (Zot:5)
  A titan (Depths:4)
  2 deep elf master archers (Elf:3)
  7 acid blobs
  2 tentacled starspawn (Abyss:2)
  A sphinx (Vaults:3)
  2 tengu reavers
  A shadow dragon (Depths:4)
  4 storm dragons
  2 azure jellies (Slime:5)
  3 draconian monks
  A draconian knight (Zot:1)
  An iron dragon (Depths:3)
  14 frost giants
  10 fire giants
  An orc warlord (Vaults:4)
  Louise (Lair:2)
  4 emperor scorpions (Spider:4)
  3 draconian shifters
  9 ghost moths
  4 deep elf sorcerers
  A draconian stormcaller (Zig:4)
  8 vault wardens
  11 ironheart preservers
  A draconian annihilator (Zot:1)
  3 deep elf elementalists
  2 spriggan defenders (Depths:5)
  8 entropy weavers
  4 very ugly things
  27 stone giants
  3 vampire knights
  10 deep elf demonologists
  2 black draconians
  2 green draconians
  A white draconian (Zot:5)
  A purple draconian (Depths:5)
  3 yellow draconians
  4 spark wasps
  8 red draconians
  9 deep elf annihilators
  4 merfolk javelineers (Shoals:4)
  9 ettins
  2 merfolk impalers
  7 deep elf death magi
  3 deep elf high priests
  A blizzard demon (Depths:3)
  3 death oozes
  2 jiangshi (Depths:1)
  A minotaur (Lab)
  11 yaktaur captains
  12 fire dragons
  8 hydras
  Harold (Lair:1)
  21 vault guards
  6 ice dragons
  8 rakshasas
  4 spriggan air magi
  A catoblepas (Lair:4)
  3 death knights
  A hydra (shapeshifter) (Depths:2)
  14 great orbs of eyes
  A merfolk aquamancer (Shoals:4)
  2 merfolk avatars
  20 centaur warriors
  45 two-headed ogres
  9 deep troll shamans
  A satyr (Shoals:3)
  A death yak (IceCv)
  An alligator snapping turtle (Shoals:4)
  2 hell hogs (Depths:2)
  13 ogre magi
  3 tengu warriors
  8 vampire magi
  A naga sharpshooter (Zig:3)
  14 dancing weapons
  11 deep troll earth magi
  3 thrashing horrors (Abyss:2)
  A shock serpent (Zig:3)
  3 orc high priests (Orc:2)
  3 spriggans
  19 hell knights
  20 deep elf knights
  Nergalle (Lair:3)
  A wretched star (Abyss:2)
  6 skeletal warriors
  An iron troll (D:15)
  3 unseen horrors
  13 sea snakes
  A spatial maelstrom (Abyss:2)
  3 shadow wraiths
  An unseen horror (shapeshifter) (Depths:1)
  3 flayed ghosts
  3 glowing orange brains
  22 deep trolls
  A lindwurm (Lair:6)
  20 orc knights
  17 deep elf archers
  13 ironbrand convokers
  2 phantasmal warriors (Vaults:3)
  24 orb spiders
  11 necromancers
  9 orc sorcerers
  3 wizards
  A shining eye (shapeshifter) (Vaults:4)
  35 ugly things
  8 harpies
  5 shining eyes
  29 wolf spiders
  2 stone giant zombies (Depths:1)
  63 deep elf magi
  3 fauns (Shoals:3)
  10 cyclopes
  12 manticores
  A worldbinder (Abyss:2)
  A manticore (shapeshifter) (D:15)
  5 vault sentinels
  A black mamba (shapeshifter) (Vaults:4)
  A salamander (shapeshifter) (Elf:3)
  10 black mambas
  An ice statue (IceCv)
  8 moths of wrath
  7 torpor snails
  A water nymph (Shoals:4)
  5 merfolk sirens
  An apocalypse crab (Abyss:2)
  2 gargoyles
  A smoke demon (D:15)
  3 naga magi
  2 orange demons (Depths:3)
  A spriggan skeleton (Zig:2)
  12 spiny frogs
  26 yaktaurs
  5 freezing wraiths
  12 komodo dragons
  An efreet (Zot:1)
  A komodo dragon (shapeshifter) (Depths:3)
  A rime drake (Lair:5)
  A kobold demonologist (Abyss:2)
  A yaktaur (shapeshifter) (Vaults:4)
  2 hellwings
  15 demonic crawlers
  3 tengu conjurers
  An ice devil (Depths:1)
  9 trolls
  23 polar bears
  16 merfolk
  4 wind drakes
  22 hornets
  A queen bee (Lair:3)
  17 jumping spiders
  A tengu simulacrum (Depths:1)
  A polar bear (shapeshifter) (Depths:4)
  14 blink frogs
  4 tyrant leeches (Lair:6)
  A hornet (shapeshifter) (Vaults:2)
  7 dream sheep (Lair:6)
  4 raiju (Abyss:2)
  4 snapping turtles
  13 hippogriffs
  A deep troll skeleton (Zig:2)
  11 air elementals
  17 slime creatures
  2 shadows
  2 ynoxinuls
  39 tarantellas
  2 wraiths
  58 yaks
  80 redbacks
  A vampire (D:13)
  20 fire elementals
  A human (shapeshifter) (Depths:1)
  8 basilisks
  2 chaos spawn
  A human (D:11)
  10 vampire mosquitoes
  12 wyverns
  3 hogs (D:11)
  2 golden eyes (shapeshifter)
  9 water elementals
  6 hungry ghosts
  8 golden eyes (Slime:5)
  4 wargs
  4 insubstantial wisps (Depths:1)
  7 large abominations (Abyss:2)
  A naga (shapeshifter) (Vaults:3)
  3 acid dragons
  A naga (Zig:3)
  20 water moccasins
  11 porcupines
  11 hell hounds (Depths:2)
  5 small abominations (Abyss:2)
  10 sky beasts
  41 orc warriors
  5 eyes of draining
  A black mamba simulacrum (Abyss:2)
  12 ice beasts
  2 necrophages
  A phantom (D:10)
  14 black bears
  19 wolves
  58 ogres
  3 boggarts (Depths:4)
  48 centaurs
  16 crocodiles
  A big kobold (D:8)
  27 bullfrogs
  4 earth elementals
  A scorpion (shapeshifter) (Vaults:4)
  3 wyvern skeletons
  A water moccasin skeleton (D:7)
  7 scorpions
  9 killer bees
  6 wights
  6 electric eels
  4 howler monkeys
  7 crimson imps
  4 starcursed masses (Abyss:2)
  A quasit (D:8)
  13 orc priests
  5 jellies
  4 centaur zombies
  26 orc wizards
  2 bullfrog zombies
  9 centaur skeletons
  2 hounds
  A bullfrog skeleton (D:8)
  An iron imp (Depths:3)
  Jessica (D:3)
  4 iguanas
  Natasha (thrice) (D:2)
  6 hell rats (Lair:6)
  4 lightning spires (Depths:1)
  11 worker ants
  Terence (D:2)
  A killer bee zombie (D:8)
  A hound zombie (D:6)
  Robin (D:2)
  4 gnolls (D:8)
  A river rat (Lair:1)
  12 adders
  4 shadow imps
  A white imp (D:6)
  2 ufetubi
  4 oozes
  2 adder skeletons
  3 worms
  3 dart slugs
  7 leopard geckos
  97 orcs
  13 giant cockroaches
  9 goblins (D:2)
  9 hobgoblins
  3 jackals (D:1)
  5 quokkas
  A ball python (D:5)
  6 bats
  2 frilled lizards
  A jackal skeleton (D:4)
  16 kobolds
  A leopard gecko skeleton (D:4)
  2 quokka skeletons
  A quokka zombie (D:7)
  7 rats
  A bush (Shoals:3)
  2 fungi (D:15)
  3 plants (Shoals:3)
  2 starspawn tentacles (Abyss:2)
2136 creatures vanquished.

Vanquished Creatures (collateral kills)
  Arachne (Spider:2)
  Aizul (Shoals:2)
  A frost giant (IceCv)
  An entropy weaver (Spider:4)
  A merfolk javelineer (Shoals:4)
  A merfolk impaler (Shoals:4)
  Fannar (D:12)
  An alligator snapping turtle (Shoals:4)
  3 merfolk aquamancers (Shoals:4)
  A centaur warrior (D:15)
  An unseen horror (D:12)
  A harpy (Shoals:4)
  A guardian serpent (Lair:6)
  3 black mambas (Lair:6)
  A kobold demonologist (D:12)
  3 merfolk (Shoals:4)
  A polar bear (IceCv)
  5 redbacks
  A tarantella (Spider:2)
  2 yaks (IceCv)
  A centaur (D:15)
  A crocodile (Lair:6)
  A big kobold (D:15)
  10 killer bees (Lair:3)
44 creatures vanquished.

Vanquished Creatures (others)
  Donald (Slime:1)
  2 stone giants
  A yaktaur captain (Vaults:2)
  A centaur warrior (Vaults:2)
  2 satyrs
  A skeletal warrior (Vaults:3)
  A vault sentinel (Vaults:1)
  8 yaktaurs
  An ogre (Vaults:4)
  5 centaurs
  3 ball lightnings (Depths:1)
  An orc (Vaults:1)
  6 fungi
  28 plants
  3 starspawn tentacles (Abyss:2)
  8 tentacles (Shoals:3)
72 creatures vanquished.

Grand Total: 2252 creatures vanquished

Notes
Turn   | Place    | Note
-------+----------+-------------------------------------------
     0 | D:1      | kuniqs the Vine Stalker Berserker began the quest for the Orb.
     0 | D:1      | Reached XP level 1. HP: 11/11 MP: 2/2
   253 | D:1      | Found an iron altar of Okawaru.
   296 | D:1      | Reached XP level 2. HP: 13/16 MP: 3/3
   479 | D:1      | Reached XP level 3. HP: 19/19 MP: 4/4
   682 | D:2      | Noticed Natasha
  1015 | D:2      | Killed Natasha
  1140 | D:2      | Reached ** piety under Trog
  1173 | D:2      | Gained mutation: Your natural rate of healing is unusually fast. [Vine Stalker growth]
  1173 | D:2      | Reached XP level 4. HP: 24/24 MP: 5/5
  1245 | D:2      | Noticed Natasha
  1268 | D:2      | Noticed Robin
  1271 | D:2      | Killed Natasha
  1274 | D:2      | Noticed Natasha
  1376 | D:2      | Reached XP level 5. HP: 27/28 MP: 6/6
  1397 | D:2      | Killed Natasha
  1604 | D:2      | Killed Robin
  1698 | D:2      | Noticed Terence
  1701 | D:2      | Killed Terence
  2112 | D:3      | Noticed Jessica
  2114 | D:3      | Killed Jessica
  2114 | D:3      | Reached XP level 6. HP: 32/32 MP: 7/7
  2251 | D:3      | Reached *** piety under Trog
  2531 | D:4      | Reached XP level 7. HP: 26/37 MP: 8/8
  2674 | D:4      | Found an ornate altar of the Wu Jian Council.
  3704 | D:5      | Entered Level 5 of the Dungeon
  3734 | D:5      | Gained mutation: You have razor-sharp teeth. [Vine Stalker growth]
  3734 | D:5      | Reached XP level 8. HP: 29/42 MP: 9/9
  3862 | D:5      | Reached skill level 5 in Short Blades
  3873 | D:5      | Reached skill level 5 in Fighting
  4510 | D:6      | Found a shadowy altar of Dithmenos.
  4573 | D:6      | Reached **** piety under Trog
  4709 | D:6      | Found a staircase to the Ecumenical Temple.
  4718 | Temple   | Entered the Ecumenical Temple
  5258 | D:7      | Reached skill level 5 in Armour
  5258 | D:7      | Reached XP level 9. HP: 48/48 MP: 10/10
  5345 | D:7      | Reached skill level 5 in Dodging
  5379 | D:7      | Found a radiant altar of Vehumet.
  5680 | D:8      | Found a basalt altar of Yredelemnul.
  5681 | D:8      | Found Degitef's Distillery.
  5693 | D:8      | Bought a potion of haste for 110 gold pieces
  5693 | D:8      | Bought a potion of invisibility for 88 gold pieces
  5693 | D:8      | Bought a potion of curing for 33 gold pieces
  5696 | D:8      | Gained mutation: Your mind is acute. (Int +2) [potion of mutation]
  5696 | D:8      | Lost mutation: Your mind is acute. (Int +2) [potion of mutation]
  5696 | D:8      | Gained mutation: You are somewhat resistant to further mutation. [potion of mutation]
  5696 | D:8      | Gained mutation: Your spells are a little harder to cast, but a little more powerful. [potion of mutation]
  5786 | D:8      | Found Asmef's Magic Scroll Emporium.
  5808 | D:8      | Reached ***** piety under Trog
  5810 | D:8      | Bought a scroll of noise for 12 gold pieces
  5833 | D:8      | Noticed a manticore
  5850 | D:8      | Killed a manticore
  6032 | D:8      | Noticed a two-headed ogre
  6037 | D:8      | Reached XP level 10. HP: 53/53 MP: 11/11
  6107 | D:8      | Found a hazy altar of Hepliaklqana.
  6110 | D:8      | Found a burning altar of Makhleb.
  6111 | D:8      | Found a glowing golden altar of the Shining One.
  6111 | D:8      | Found an iron altar of Okawaru.
  6113 | D:8      | Found a deep blue altar of Sif Muna.
  6114 | D:8      | Found an opulent altar of Gozag.
  6145 | D:8      | Killed a two-headed ogre
  6311 | D:8      | Found a sparkling altar of Nemelex Xobeh.
  6311 | D:8      | Found a sacrificial altar of Ru.
  6567 | D:8      | Found Zuix's Book Shoppe.
  6642 | D:8      | Found Etruot's Weapon Shoppe.
  6691 | D:8      | Received a gift from Trog
  6775 | D:8      | Found Zaes Dih's General Store.
  6783 | D:8      | Bought a potion of degeneration for 12 gold pieces
  7281 | D:9      | Found a staircase to the Orcish Mines.
  7792 | D:10     | Entered Level 10 of the Dungeon
  8022 | D:10     | Reached XP level 11. HP: 60/60 MP: 12/12
  8352 | D:10     | Killed an unseen horror
  8651 | D:11     | Noticed a white ugly thing
  8660 | D:11     | Killed a white ugly thing
  8942 | D:11     | Killed an unseen horror
  9019 | D:11     | Noticed a centaur warrior
  9031 | D:11     | Killed a centaur warrior
  9235 | D:11     | Found a staircase to the Lair.
  9538 | D:11     | Received a gift from Trog
  9907 | D:12     | Gained mutation: You heal very quickly. [Vine Stalker growth]
  9907 | D:12     | Reached XP level 12. HP: 66/66 MP: 13/13
  9958 | D:12     | Noticed Fannar
  9974 | D:12     | Killed Fannar
 10018 | D:12     | Found Ryxul's Changing Room.
 10201 | D:12     | Noticed a two-headed ogre
 10207 | D:12     | Killed a two-headed ogre
 10632 | D:13     | Noticed a two-headed ogre
 10646 | D:13     | Killed a two-headed ogre
 10688 | D:13     | Noticed a two-headed ogre
 10715 | D:13     | Found Ononihom's Armour Shoppe.
 10731 | D:13     | Killed a two-headed ogre
 10739 | D:13     | Reached skill level 10 in Short Blades
 10778 | D:13     | Noticed an ogre mage
 10791 | D:13     | Found a gate to the Vaults.
 10797 | D:13     | Killed an ogre mage
 10805 | D:13     | Found a labyrinth entrance.
 10810 | Lab      | Entered a labyrinth
 10944 | Lab      | Found an exit through the horrors of the Abyss.
 10976 | Lab      | Reached skill level 10 in Fighting
 11042 | Lab      | Noticed a minotaur
 11056 | Lab      | Killed a minotaur
 11085 | Lab      | Got a brightly glowing iron ring
 11085 | Lab      | Got a translucent silver ring
 11121 | D:13     | Identified the ring "Sahum" {rF+ Str+4 Dex+4} (You found it in a labyrinth)
 11124 | D:13     | Identified the ring "Wautuano" {rCorr Slay+2} (You found it in a labyrinth)
 11256 | Lair:1   | Entered Level 1 of the Lair of Beasts
 11466 | Lair:1   | Noticed Harold
 11484 | Lair:1   | Killed Harold
 11556 | Lair:1   | Reached XP level 13. HP: 72/72 MP: 14/14
 12095 | Lair:2   | Received a gift from Trog
 12098 | Lair:2   | Got a transparent dagger {god gift}
 12099 | Lair:2   | Identified the +4 dagger of Neurosis {protect, rPois MP-9 Dex+4} (Trog gifted it to you on level 2 of the Lair of Beasts)
 12367 | Lair:2   | Found a staircase to the Shoals.
 12762 | Lair:2   | You fall through a shaft for 2 floors!
 12762 | Lair:4   | Found a hole to the Spider Nest.
 13139 | Lair:4   | Found a frozen archway.
 13207 | Lair:4   | Reached skill level 10 in Armour
 13251 | IceCv    | Entered an ice cave
 13653 | IceCv    | Reached skill level 10 in Dodging
 13975 | IceCv    | Reached skill level 1 in Evocations
 14079 | IceCv    | Noticed a frost giant
 14089 | IceCv    | Reached XP level 14. HP: 79/79 MP: 7/16
 14098 | IceCv    | Killed a frost giant
 14304 | Lair:4   | Noticed Sonja
 14306 | Lair:4   | Noticed Sonja
 14306 | Lair:4   | Sonja changed into Sonja the meliai
 14308 | Lair:4   | Noticed Sonja
 14308 | Lair:4   | Sonja the meliai changed into Sonja the spiny frog
 14312 | Lair:4   | Killed Sonja the spiny frog
 15480 | Lair:3   | Noticed Nergalle
 15492 | Lair:3   | Killed Nergalle
 16547 | Lair:5   | Found a blossoming altar of Fedhas.
 16939 | Lair:6   | Entered Level 6 of the Lair of Beasts
 16970 | Lair:6   | Noticed Rupert
 16981 | Lair:6   | Killed Rupert
 16981 | Lair:6   | Reached skill level 5 in Evocations
 17279 | Lair:6   | Identified the +3 chain mail of Hetela Ysho {rN+ Str+2 Int+2} (You found it on level 6 of the Lair of Beasts)
 17394 | Lair:6   | Found a staircase to the Slime Pits.
 17845 | Lair:6   | Identified the +2 ring mail "Kunus" {Str-3 Int+3 Dex+2} (You found it on level 6 of the Lair of Beasts)
 17966 | Lair:6   | Reached XP level 15. HP: 73/84 MP: 12/21
 18074 | Lair:6   | Paralysed by a hornet for 1 turns
 18352 | Lair:6   | Found a runed door.
 18364 | Lair:6   | Reached ****** piety under Trog
 18789 | Orc:1    | Entered Level 1 of the Orcish Mines
 18790 | Orc:1    | Paralysed by an orc sorcerer for 7 turns
 18925 | Orc:1    | You fall through a shaft!
 18925 | Orc:2    | Entered Level 2 of the Orcish Mines
 19188 | Orc:2    | Found a roughly hewn altar of Beogh.
 19415 | Orc:2    | Gained mutation: You are clumsy. (Dex -2) [a neqoxec]
 19497 | Orc:2    | Received a gift from Trog
 19502 | Orc:2    | Identified the +8 glaive "Uzosch" {vamp, +Fly Str+6} (Trog gifted it to you on level 2 of the Orcish Mines)
 19817 | Orc:2    | Found Otojuivu's Assorted Antiques.
 19817 | Orc:2    | Found Astiurphi's Magic Scroll Shop.
 19818 | Orc:2    | Found Veol's Assorted Antiques.
 19818 | Orc:2    | Found Wegez's Jewellery Emporium.
 19840 | Orc:2    | Bought a scroll of blinking for 135 gold pieces
 19840 | Orc:2    | Bought a scroll of random uselessness for 18 gold pieces
 19852 | Orc:2    | Bought a glowing helmet for 210 gold pieces
 20230 | Orc:2    | Found a staircase to the Elven Halls.
 20750 | D:8      | Bought the +6 arbalest "Damnation" {damnation} for 1120 gold pieces
 21271 | D:13     | Received a gift from Trog
 21563 | D:13     | Reached XP level 16. HP: 90/90 MP: 24/24
 21787 | D:14     | Found a portal to a secret trove of treasure.
 22304 | D:14     | Found an opulent altar of Gozag.
 22454 | D:14     | Reached skill level 10 in Evocations
 22564 | D:15     | Entered Level 15 of the Dungeon
 23192 | D:15     | Found Ikhyefer's Antique Armour Shop.
 23204 | D:15     | Bought a pair of embroidered boots for 277 gold pieces
 23218 | D:15     | Identified a +2 pair of boots of running (You bought it in a shop on level 15 of the Dungeon)
 23304 | D:15     | Found a staircase to the Depths.
 23763 | Shoals:1 | Entered Level 1 of the Shoals
 23767 | Shoals:1 | Noticed Louise
 23778 | Lair:2   | Killed Louise
 23778 | Lair:2   | Reached skill level 1 in Shields
 23971 | Shoals:1 | Reached skill level 2 in Shields
 24096 | Shoals:1 | Received a gift from Trog
 24320 | Shoals:1 | Reached skill level 3 in Shields
 24591 | Shoals:2 | Reached skill level 4 in Shields
 24755 | Shoals:2 | Noticed Aizul
 24767 | Shoals:2 | Killed Aizul
 24942 | Shoals:3 | Identified the +5 mace of Reibb {chaos, *Rage rElec rF+} (You found it on level 3 of the Shoals)
 24956 | Shoals:3 | Reached skill level 5 in Shields
 25201 | Shoals:3 | Reached skill level 6 in Shields
 25300 | Shoals:3 | Received a gift from Trog
 25454 | Shoals:3 | Reached skill level 7 in Shields
 25569 | Shoals:3 | Got a dazzling animal skin
 25660 | Shoals:3 | Noticed a kraken
 25896 | Shoals:3 | Identified the cursed +0 animal skin of Lilacs {-Tele rPois Dex+4 Stlth+} (You found it on level 3 of the Shoals)
 25934 | Shoals:4 | Entered Level 4 of the Shoals
 26046 | Shoals:4 | Reached XP level 17. HP: 95/95 MP: 16/25
 26083 | Shoals:4 | Got an ancient shield
 26094 | Shoals:4 | Identified the cursed +0 shield of Omission {rC+ Stlth+} (You found it on level 4 of the Shoals)
 26200 | Shoals:4 | Reached skill level 8 in Shields
 26339 | Shoals:4 | Got a dazzling trident
 26340 | Shoals:4 | Identified the +3 trident of Unpleasantness {pierce, Int+2} (You found it on level 4 of the Shoals)
 26560 | Shoals:4 | Reached skill level 9 in Shields
 26876 | Shoals:4 | Reached skill level 10 in Shields
 26935 | Shoals:4 | Got a barnacled rune of Zot
 27088 | Spider:1 | Entered Level 1 of the Spider Nest
 27245 | Spider:1 | Received a gift from Trog
 27427 | D:8      | Bought a scroll of brand weapon for 240 gold pieces
 27682 | Spider:1 | Reached skill level 11 in Shields
 28393 | Spider:2 | Received a gift from Trog
 28393 | Spider:2 | Reached skill level 12 in Shields
 28418 | Spider:2 | Noticed Arachne
 28535 | Spider:2 | Killed Arachne
 29041 | Spider:3 | Reached XP level 18. HP: 100/100 MP: 26/26
 29166 | Spider:3 | Reached skill level 13 in Shields
 30158 | Spider:4 | Entered Level 4 of the Spider Nest
 30168 | Spider:4 | Received a gift from Trog
 30507 | Spider:4 | Reached skill level 14 in Shields
 30781 | Spider:4 | Received a gift from Trog
 30902 | Spider:4 | Reached skill level 15 in Shields
 31093 | Spider:4 | Got a gossamer rune of Zot
 31533 | Spider:4 | Fell from the grace of Trog
 32022 | Temple   | Became a worshipper of Uskayaw the Reveler
 32190 | Vaults:1 | Entered Level 1 of the Vaults
 32287 | Vaults:1 | Reached * piety under Uskayaw
 32300 | Vaults:1 | Reached ** piety under Uskayaw
 32305 | Vaults:1 | Reached *** piety under Uskayaw
 32308 | Vaults:1 | Reached skill level 1 in Stealth
 32309 | Vaults:1 | Reached **** piety under Uskayaw
 32419 | Vaults:1 | Reached skill level 1 in Invocations
 32435 | Vaults:1 | Reached ***** piety under Uskayaw
 32547 | Vaults:1 | Reached XP level 19. HP: 104/104 MP: 27/27
 33344 | Vaults:1 | Reached skill level 5 in Stealth
 33526 | Vaults:1 | Found Ohae's Distillery.
 33537 | Vaults:1 | Bought a potion of resistance for 130 gold pieces
 34287 | Vaults:1 | Reached skill level 5 in Invocations
 34449 | Vaults:1 | Reached ****** piety under Uskayaw
 36432 | Vaults:2 | Found Coenages's Jewellery Shoppe.
 36454 | Vaults:2 | Bought a +4 amulet of reflection for 432 gold pieces
 37664 | Vaults:2 | Reached skill level 10 in Stealth
 37669 | Vaults:2 | Cast into level 2 of the Abyss (a deep elf sorcerer)
 37720 | Abyss:2  | Found a corrupted altar of Lugonu.
 37897 | Abyss:2  | Noticed a hellephant
 38223 | Vaults:2 | Escaped the Abyss
 38377 | Vaults:3 | Found a shimmering altar of Xom.
 38404 | Vaults:3 | Reached XP level 20. HP: 109/109 MP: 28/28
 38741 | Vaults:3 | Reached skill level 10 in Invocations
 39351 | Vaults:3 | Identified the +7 mace "Jechett" {distort, rC++ MR-} (You found it on level 3 of the Vaults)
 40214 | Vaults:3 | Found a staircase to the Crypt.
 41515 | Vaults:4 | Reached XP level 21. HP: 114/114 MP: 30/30
 43535 | Vaults:4 | YOU BASTARD
 45125 | Vaults:5 | Entered Level 5 of the Vaults
 45147 | Vaults:4 | Reached skill level 16 in Shields
 45452 | Depths:1 | Entered Level 1 of the Depths
 45947 | D:15     | Was forgiven by Trog
 46186 | Slime:1  | Entered Level 1 of the Pits of Slime
 46221 | Slime:1  | Killed Donald
 46236 | Slime:1  | Gained mutation: You are very clumsy. (Dex -4) [a shining eye]
 46282 | Slime:5  | Entered Level 5 of the Pits of Slime
 46337 | Slime:5  | Found a viscous altar of Jiyva.
 46337 | Slime:5  | Noticed the Royal Jelly
 46410 | Slime:5  | Killed the Royal Jelly
 46410 | Slime:5  | Reached XP level 22. HP: 73/121 MP: 20/32
 46643 | Slime:5  | Got a slimy rune of Zot
 46730 | Slime:5  | Identified 3 scrolls of acquirement
 46731 | Slime:5  | Identified the ring of Salvation {Fire rElec rPois SInv} (You found it on level 5 of the Pits of Slime)
 46823 | Lair:6   | Lost mutation: Your spells are a little harder to cast, but a little more powerful. [potion of mutation]
 46823 | Lair:6   | Lost mutation: You are somewhat resistant to further mutation. [potion of mutation]
 46823 | Lair:6   | Lost mutation: You are very clumsy. (Dex -4) [potion of mutation]
 46823 | Lair:6   | Gained mutation: Your spells are a little easier to cast, but a little less powerful. [potion of mutation]
 46823 | Lair:6   | Gained mutation: You are very clumsy. (Dex -4) [potion of mutation]
 46823 | Lair:6   | Lost mutation: You are very clumsy. (Dex -4) [potion of mutation]
 46823 | Lair:6   | Gained mutation: You are robust. (+10% HP) [potion of mutation]
 46836 | Lair:6   | Identified the +2 cloak of the Lair of Beasts {+Blink rF+ Str+3 Dex-4} (You acquired it on level 6 of the Lair of Beasts)
 47026 | D:8      | Bought a scroll of enchant armour for 90 gold pieces
 47026 | D:8      | Bought a scroll of acquirement for 624 gold pieces
 47031 | D:8      | Identified the scarf "Reosanoj" {Dex+6} (You acquired it on level 8 of the Dungeon)
 47252 | Depths:1 | Found a gateway to Hell.
 47464 | Depths:1 | Found a gateway to a ziggurat.
 47497 | Zig:1    | Entered Level 1 of a ziggurat
 47525 | Zig:2    | Entered Level 2 of a ziggurat
 47555 | Zig:3    | Entered Level 3 of a ziggurat
 47579 | Zig:4    | Entered Level 4 of a ziggurat
 47653 | Zig:5    | Entered Level 5 of a ziggurat
 47663 | Zig:5    | Noticed a profane servitor
 47687 | Zig:5    | Killed a profane servitor
 47789 | D:14     | You showed the slimy rune of Zot to enter a treasure trove
 47790 | Trove    | Entered a treasure trove
 47813 | Trove    | Identified the +0 plate armour of Wu Jian's Wrath {-Cast rElec rF+} (You found it in a treasure trove)
 47864 | Trove    | Got a faintly glowing sapphire amulet
 47865 | Trove    | Identified the amulet of Qeby Uxt {Spirit rF+ rN+ Dex+3} (You found it in a treasure trove)
 47970 | Depths:1 | Found a glowing golden altar of the Shining One.
 48092 | Depths:1 | Found a runed door.
 48822 | Depths:2 | Reached skill level 15 in Fighting
 48954 | Depths:2 | Reached skill level 17 in Shields
 49014 | Depths:2 | Found Foulank's Book Shoppe.
 49405 | Depths:2 | Found Usialer's Gadget Shoppe.
 49405 | Depths:2 | Found Jiukab's Jewellery Boutique.
 49406 | Depths:2 | Found Fiuforph's Jewellery Boutique.
 49468 | Depths:3 | Reached XP level 23. HP: 138/138 MP: 34/34
 49763 | Elf:1    | Entered Level 1 of the Elven Halls
 49855 | Elf:1    | Noticed Nikola
 49864 | Elf:1    | Killed Nikola
 50123 | Elf:1    | Found Yraskiq's Antique Weapon Emporium.
 50148 | Elf:1    | Found Gismiyse's Book Shoppe.
 50250 | Elf:1    | Found Buqous's Book Shop.
 51234 | Elf:2    | Found a runed gate.
 51244 | Elf:2    | Found a runed gate.
 51255 | Elf:2    | Found a runed gate.
 51456 | Elf:3    | Entered Level 3 of the Elven Halls
 52470 | Elf:3    | Got a smoking pewter ring
 52472 | Elf:3    | Identified the ring "Vamuput" {rCorr rC- rN+ Str+2} (You took it off a deep elf blademaster on level 3 of the Elven Halls)
 53172 | Orc:2    | Bought a scroll of enchant armour for 135 gold pieces
 53172 | Orc:2    | Bought a scroll of magic mapping for 63 gold pieces
 53172 | Orc:2    | Bought a scroll of magic mapping for 63 gold pieces
 53340 | D:8      | Bought a scroll of enchant armour for 90 gold pieces
 53340 | D:8      | Bought a potion of mutation for 96 gold pieces
 53613 | Depths:3 | Reached XP level 24. HP: 139/146 MP: 34/34
 54268 | Depths:3 | Found a one-way gate to the infinite horrors of the Abyss.
 54497 | Depths:3 | Found a one-way gate leading to the halls of Pandemonium.
 54765 | Depths:3 | Reached skill level 15 in Invocations
 54922 | Depths:4 | Found a corrupted altar of Lugonu.
 54935 | Depths:4 | Noticed a juggernaut
 55168 | Depths:4 | Noticed Mara
 55178 | Depths:4 | Killed Mara
 55178 | Depths:4 | Reached skill level 18 in Shields
 55234 | Depths:4 | Killed a juggernaut
 55344 | Depths:4 | Reached skill level 15 in Armour
 55374 | Depths:4 | Got a bound jade amulet
 55375 | Depths:4 | Identified the amulet of the Hippo {RegenMP Str+2} (You found it on level 4 of the Depths)
 55378 | Depths:4 | Identified the cursed +1 chain mail of Impermeability {MP+9 SInv Stlth+} (You found it on level 4 of the Depths)
 55473 | Depths:2 | Bought the ring of Rerinaapn {rF+ rN+ EV+5 Dex-4 Slay+5} for 1458 gold pieces
 56066 | Depths:4 | Reached skill level 15 in Dodging
 56305 | Depths:5 | Entered Level 5 of the Depths
 56311 | Depths:5 | Reached XP level 25. HP: 152/152 MP: 35/35
 56434 | Depths:5 | Found a gate to the Realm of Zot.
 56456 | Zot:1    | Entered Level 1 of the Realm of Zot
 56510 | Zot:1    | Noticed an orb of fire
 56511 | Zot:1    | Killed an orb of fire
 56757 | Zot:5    | Entered Level 5 of the Realm of Zot
 56976 | Zot:5    | Noticed an ancient lich
 56982 | Zot:5    | Killed an ancient lich
 57006 | Zot:5    | Noticed an ancient lich
 57008 | Zot:5    | Noticed an orb of fire
 57016 | Zot:5    | Noticed an ancient lich
 57019 | Zot:5    | Gained mutation: Your magical capacity is low. (-10% MP) [an orb of fire]
 57020 | Zot:5    | Noticed an ancient lich
 57023 | Zot:5    | Noticed an ancient lich
 57034 | Zot:5    | Killed an ancient lich
 57037 | Zot:5    | Killed an orb of fire
 57039 | Zot:5    | Killed an ancient lich
 57039 | Zot:5    | Reached XP level 26. HP: 145/159 MP: 32/32
 57041 | Zot:5    | Noticed an ancient lich
 57045 | Zot:5    | Killed an ancient lich
 57046 | Zot:5    | Killed an ancient lich
 57047 | Zot:5    | Noticed an ancient lich
 57048 | Zot:5    | Noticed an orb of fire
 57052 | Zot:5    | Killed an orb of fire
 57067 | Zot:5    | Killed an ancient lich
 57067 | Zot:5    | Reached skill level 19 in Shields
 57068 | Zot:5    | Killed an ancient lich
 57256 | Zot:5    | Got the Orb of Zot
 57276 | Zot:5    | Noticed an orb of fire
 57473 | Depths:1 | Noticed Zidghen the pandemonium lord
 58005 | D:$      | Escaped with the Orb!

Vault maps used:
D:1:      tarquinn_simple_flora_water_a, okawaru_ov_weapons_minmay
D:2:      serial_forest, infiniplex_forest_clump_long,
          infiniplex_forest_corner_2, infiniplex_forest_lined_2,
          infiniplex_forest_straight_2, infiniplex_forest_lined_room_,
          infiniplex_forest_straight_3, infiniplex_forest_straight_2,
          infiniplex_forest_clump_diagonal, infiniplex_forest_lined_room_,
          minmay_cut_off, uniq_robin, uniq_terence, uniq_natasha
D:3:      first_bread, uniq_jessica
D:4:      nicolae_overflow_hidden_temple
D:6:      grunt_dithmenos_smoke_and_mirrors, temple_statues
D:7:      vehumet_crystals
D:8:      hangedman_cross_stitches, minitemple, gammafunk_temple_overflow_wave,
          serial_shops, kennysheep_mini_moat, shop, shop, shop_fountains,
          nicolae_shop_behind_doors
D:9:      hiddenorc1_lemuel
D:11:     minmay_wavy_crystal, minmay_lair_entry_grove, grunt_livestock,
          eino_curves_02, grunt_decor_cap
D:12:     nicolae_transmutations_shop, uniq_fannar
D:13:     david_vaults_2, serial_shops, kennysheep_mini, lab_entry_generic,
          grunt_potential
D:14:     enter_trove_0, nicolae_gozag_seed_capital
D:15:     hangedman_depths_entry_try_elsewhere_first, serial_park_avenue1,
          serial_shops, shop_fountains, fungi_pond_lemuel,
          minmay_misc_feat_four_crosses
Temple:   cyrus_temple_forest
Lair:1:   pond, lemuel_fruit_tree, uniq_harold
Lair:2:   elwin_shoals_entry_stream, st_stairs_4, beast_lair_carwin_8,
          serial_bayou_shore_b
Lair:3:   special_room, beast_lair_carwin_5, lemuel_fruit_fields,
          grunt_megastairs_3, serial_bayou_shore_b, lemuel_fruit_fields,
          uniq_nergalle
Lair:4:   dummy_spider_entry, portal_ice_cave_entry_ice_beasts,
          small_statue_intersection, grunt_megastairs_2, uniq_sonja
Lair:5:   tgw_fedhas
Lair:6:   wormcave, hangedman_lair_tendril_chambers,
          nicolae_slime_entry_slimehenge, kennysheep_basilisk_garden,
          uniq_rupert
Shoals:1: uniq_louise
Shoals:2: uniq_aizul
Shoals:3: argonaut_golden_fleece
Shoals:4: shoals_end_grunt_ice, shoal_ilsuiw, nicolae_shoals_seven_spires
Spider:2: uniq_arachne
Spider:3: spider_trap, nicolae_orb_island
Spider:4: johnstein_spider_rune_arachne_lair, guppyfry_spider_mini_1
Slime:1:  nicolae_slime_phagocytosis, uniq_donald
Slime:2:  basic_altar
Orc:2:    st_orc_elflike, basic_altar
Elf:1:    minmay_elf_arrival_circle, serial_shops, shop,
          kennysheep_underground_church, minmay_shoptagon, uniq_nikola
Elf:2:    einodemon_crawler_minivault, lemuel_elevator
Elf:3:    elf_hall_gauntlet_narrow, grunt_ministairs_3
Vaults:1: ontoclasm_vaults_eye, v_misc_25, hangedman_vaults_unwind,
          nicolae_vaults_circle_grid_b, nicolae_vaults_shelves_hall,
          grunt_vaults_bifocal, v_misc_10, ontoclasm_vaults_shuriken,
          vaults_room_door_ring, nicolae_vaults_specimen_jars, serial_shops,
          nicolae_shop_crystal
Vaults:2: nicolae_vaults_big_angled_halls, nicolae_vaults_diagonal_hallway_8,
          vaults_dpeg_cross, ontoclasm_vaults_loading_screen,
          nicolae_vaults_three_branches, hangedman_vaults_impose,
          grunt_vaults_hallway_short, hangedman_vaults_trim,
          hangedman_vaults_slice, vaults_room_stairs_pillars,
          vaults_mumra_chevron_long, serial_shops, shop_fountains
Vaults:3: vaults_mumra_hex, vaults_room_hallway, hangedman_vaults_cutoff,
          nicolae_vaults_little_squares_6, grunt_vaults_focal,
          hangedman_vaults_pinch, nicolae_vaults_network_square,
          hangedman_vaults_stagger, hangedman_vaults_corner, vaults_dpeg_doors,
          vaults_room_pool, minmay_crypt_entry_simple_box, basic_altar
Vaults:4: nicolae_vaults_network_s, vaults_mumra_minichess, v_misc_15,
          ontoclasm_vaults_tryst, v_misc_14,
          vaults_standard_mumra_enter_the_diamond, v_misc_3,
          nicolae_vaults_little_squares_1, vaults_room_fours, v_misc_19,
          vaults_room_corners, nicolae_vaults_little_squares_1
Depths:1: enter_ziggurat_f, tso_metal_star, hell_entry, hangedman_aerie_drop,
          kennysheep_random_hallway
Depths:2: minmay_guarded_unrand_majin_bo, serial_bayou_pond_b, serial_shops,
          shop, grunt_hell_horde, minmay_misc_feat_five, minmay_shop_grove,
          infiniplex_staircase_diamond, serial_bayou_shore_b
Depths:3: minmay_imperfect_grid, abyss_entry_small_statue_room,
          cheibriados_altar_1, rand_demon_pan_entry_8, grunt_hell_entry_dis_mu,
          roderic_roman_lattice, serial_bayou_shore_b,
          minmay_staircase_statues_hall_small
Depths:4: kennysheep_blocky_hall, abyss_entry_flame_altar, hell_entry,
          nicolae_twisting_strands, minivault_12, uniq_mara
Depths:5: grunt_twist_and_shout, hell_entry, serial_bayou_pond_d,
          serial_bayou_shore_b, uniq_enchantress
Zot:1:    lemuel_firehouse, door_vault
Zot:2:    kennysheep_oblong_rooms, st_stairs_11, grunt_ministairs_11
Zot:4:    hangedman_swamp_dais
Zot:5:    st_stairs_10
Zig:5:    ziggurat_pillar_centre_dead_trees
Lab:      labyrinth_mini_lab, nicolae_lab_stuck, nicolae_lab_plus,
          nicolae_lab_swirl, nicolae_lab_grate, nicolae_lab_quarters,
          nicolae_lab_big_swirl, labyrinth_skeletal_remains, nicolae_lab_blocks,
          labyrinth_fake_exit, lab_fountain
Trove:    trove_garden
IceCv:    ice_cave_caverns_01

Skill      XL: |  1  2  3  4  5  6  7  8  9 10 11 12 13 14 15 16 17 18 19 20 21 22 23 24 25 26 |
---------------+-------------------------------------------------------------------------------+-----
Armour         | 2 3 4 5 6 7 8 9 10 11 12 13 14 15 16 | 16.2
Fighting       | 3 4 5 6 8 9 10 11 12 13 14 15 16 17 | 17.7
Short Blades   | 3 4 5 6 8 9 10 11 | 11.2
Dodging        | 2 3 4 5 7 8 9 10 11 12 13 14 15 16 | 16.1
Evocations     | 1 6 9 10 | 10.0
Shields        | 7 12 15 16 17 18 19 | 19.2
Stealth        | 4 11 14 | 14.0
Invocations    | 3 9 11 12 13 14 15 16 17 | 17.0

Action                   |  1- 3 |  4- 6 |  7- 9 | 10-12 | 13-15 | 16-18 | 19-21 | 22-24 | 25-27 || total
-------------------------+-------+-------+-------+-------+-------+-------+-------+-------+-------++-------
Melee: Short sword       |    61 |   140 |       |       |       |       |       |       |       ||   201
       Bite              |    11 |    82 |   133 |   394 |  1085 |  1133 |  1156 |   878 |   263 ||  5135
       Dagger            |       |    72 |   314 |   804 |  1650 |   962 |       |       |       ||  3802
       Bardiche          |       |       |       |     6 |       |       |       |       |       ||     6
       Glaive            |       |       |       |       |    70 |       |       |       |       ||    70
       Quick blade       |       |       |       |       |       |   990 |  1876 |  1799 |   517 ||  5182
 Fire: Arbalest          |       |       |       |       |    38 |    71 |       |       |       ||   109
Invok: Berserk           |     5 |     2 |     7 |    17 |    14 |     7 |       |       |       ||    52
       Burn Spellbooks   |       |       |     1 |     2 |     5 |     5 |       |       |       ||    13
       Brothers in Arms  |       |       |       |     3 |     6 |     7 |       |       |       ||    16
       Trog's Hand       |       |       |       |     1 |     1 |     1 |       |       |       ||     3
       Renounce Religion |       |       |       |       |       |     1 |       |       |       ||     1
       Line Pass         |       |       |       |       |       |       |     7 |     3 |     4 ||    14
       Grand Finale      |       |       |       |       |       |       |     1 |     2 |     4 ||     7
Evoke: Wand              |       |       |       |       |    12 |    36 |     4 |     2 |     8 ||    62
       Lightning rod     |       |       |       |       |       |       |     4 |     4 |       ||     8
       Box of beasts     |       |       |       |       |       |       |     1 |       |       ||     1
  Use: Potion            |       |     3 |     2 |       |     3 |     2 |     4 |     3 |     6 ||    23
       Scroll            |       |     3 |     3 |     8 |    13 |    12 |    22 |    23 |     6 ||    90
 Stab: Distracted        |       |       |       |       |     1 |     3 |     2 |     7 |       ||    13
       Petrified         |       |       |       |       |     1 |       |       |       |       ||     1
       Paralysed         |       |       |       |       |       |    14 |   157 |   137 |    29 ||   337
       Sleeping          |       |       |       |       |       |       |     7 |    24 |     1 ||    32
       Confused          |       |       |       |       |       |       |     2 |     3 |       ||     5
  Eat: Chunk             |     4 |     8 |    17 |    31 |    43 |    41 |    38 |    25 |     6 ||   213
       Fruit             |       |       |       |     4 |     9 |     2 |     6 |     4 |       ||    25
       Royal jelly       |       |       |       |     4 |     1 |     1 |     3 |       |       ||     9
       Meat ration       |       |       |       |       |       |       |       |       |     2 ||     2
Armor: Animal skin       |    13 |     4 |       |       |       |       |       |       |       ||    17
       Chain mail        |       |    92 |    39 |       |   104 |   265 |   122 |    27 |       ||   649
       Plate armour      |       |       |    85 |   339 |   251 |       |       |    19 |       ||   694
       Ice dragon scales |       |       |       |       |       |       |       |    62 |    50 ||   112
Dodge: Dodged            |    39 |    88 |    92 |   281 |   877 |   679 |   284 |   227 |    95 ||  2662
Block: Other             |       |       |       |       |    34 |    17 |       |       |       ||    51
       Large shield      |       |       |       |       |       |  1232 |  1205 |   910 |   277 ||  3624
       Reflection        |       |       |       |       |       |    50 |   112 |     6 |       ||   168
